 Dungeon Crawl Stone Soup version 0.26.1-11-gd32895ea62 (webtiles) character file.

Game seed: 17936221278602018488

12081 jlumianski the Thaumaturge (level 11, -3/86 HPs)
             Began as a Gnoll Warper on July 11, 2021.
             Was a Believer of Qazlal.
             Slain by a four-headed hydra (14 damage)
             ... on level 10 of the Dungeon.
             The game lasted 01:12:04 (13016 turns).

jlumianski the Thaumaturge (Gnoll Warper)          Turns: 13016, Time: 01:12:07

Health: -3/86      AC: 10    Str: 14    XL:     11   Next: 87%
Magic:  20/23      EV: 16    Int: 21    God:    Qazlal [**....]
Gold:   480        SH:  3    Dex: 14    Spells: 21/26 levels left

rFire    . . .     SeeInvis .   B - +2 battleaxe (flame)
rCold    + . .     Faith    .   (shield currently unavailable)
rNeg     + . .     Spirit   .   t - +3 leather armour {rC+}
rPois    +         Reflect  .   (no helmet)
rElec    .         Harm     .   K - +2 cloak {rPois}
rCorr    .         Rampage  .   (no gloves)
Will     .....                  (no boots)
Stlth    +++.......             h - amulet of the acrobat
HPRegen  0.64/turn              C - ring of positive energy
MPRegen  0.18/turn              (no ring)

@: no status effects
A: distributed training, fangs 1, clever 1, regeneration 1, strong nose
a: Renounce Religion, Upheaval


You were on level 10 of the Dungeon.
You worshipped Qazlal.
Qazlal was pleased with you.
You visited 3 branches of the dungeon, and saw 12 of its levels.

You collected 480 gold pieces.

Inventory:

Hand Weapons
 p - a +1 war axe of venom
 v - a cursed +3 battleaxe of freezing
 z - a +2 whip of electrocution
 B - a +2 battleaxe of flaming (weapon)
 F - a +0 shortbow
Missiles
 e - 10 boomerangs of dispersal
 l - 114 bolts
 s - 8 boomerangs
 D - 28 poisoned darts (quivered)
 E - 2 throwing nets
 G - 131 arrows
Armour
 t - a +3 leather armour of cold resistance (worn)
 K - a +2 cloak of poison resistance (worn)
 M - a +2 buckler
Magical Staves
 y - an uncursed staff of conjuration {unknown}
Jewellery
 h - an amulet of the acrobat (around neck)
 r - an uncursed ring of ice
 C - a ring of positive energy (left hand)
Wands
 i - a wand of polymorph (8)
 A - a wand of iceblast (10)
 H - a wand of enslavement (13)
Scrolls
 a - a scroll of enchant weapon {unknown}
 d - 2 scrolls of blinking
 f - 7 scrolls of identify
 m - 4 scrolls of remove curse
 q - a scroll of fog {unknown}
 u - 2 scrolls of amnesia
 x - 2 scrolls of teleportation
 O - 2 scrolls of immolation {unknown}
 P - a scroll of acquirement {unknown}
Potions
 c - a potion of might
 g - a potion of ambrosia
 j - 2 potions of heal wounds
 k - 6 potions of curing
 n - 3 potions of flight
 o - 3 potions of haste
 w - a potion of berserk rage
Miscellaneous
 b - a tin of tremorstones (2/2)


   Skills:
 + Level 8.2 Fighting
 + Level 6.7 Short Blades
 + Level 6.7 Long Blades
 + Level 8.2 Axes
 + Level 6.7 Maces & Flails
 + Level 6.7 Polearms
 + Level 6.7 Staves
 + Level 6.7 Slings
 + Level 6.7 Bows
 + Level 6.7 Crossbows
 + Level 7.2 Throwing
 + Level 7.2 Armour
 + Level 8.2 Dodging
 + Level 6.7 Stealth
 + Level 6.7 Shields
 + Level 6.7 Unarmed Combat
 + Level 8.4 Spellcasting
 + Level 5.5 Conjurations
 + Level 5.5 Hexes
 + Level 5.5 Summonings
 + Level 5.5 Necromancy
 + Level 7.9 Translocations
 + Level 5.5 Transmutations
 + Level 5.5 Fire Magic
 + Level 5.5 Ice Magic
 + Level 5.5 Air Magic
 + Level 5.5 Earth Magic
 + Level 5.5 Poison Magic
 + Level 7.3 Invocations
 + Level 6.7 Evocations


You had 21 spell levels left.
You knew the following spells:

 Your Spells              Type           Power        Failure   Level
a - Blink                 Tloc           N/A          1%          2
b - Gell's Gravitas       Tloc           21%          1%          3

Your spell library contained the following spells:

 Spells                   Type           Power        Failure   Level
 Lesser Beckoning         Tloc           21%          1%          3
 Teleport Other           Tloc           42%          1%          3
 Passage of Golubria      Tloc           N/A          3%          4


Dungeon Overview and Level Annotations

Branches:
Dungeon (10/15)            Temple (1/1) D:7            Lair (1/6) D:9
    Orc: D:9-12

Altars:
Ashenzari
Cheibriados
Dithmenos
Elyvilon
Fedhas
Gozag
Hepliaklqana
Kikubaaqudgha
Makhleb
Nemelex Xobeh
Okawaru
Qazlal
Ru
Sif Muna
Trog
Uskayaw
Vehumet
Wu Jian
Xom
Yredelemnul
Zin
The Shining One

Annotations:
D:5 Sigmund
D:7 3 runed translucent doors, Ekaitz's ghost, novice DsEE


Innate Abilities, Weirdness & Mutations

Your experience applies equally to all skills.
You have very sharp teeth.
Your uncanny sense of smell can sniff out nearby items.
Your mind is acute. (Int +2)
Your natural rate of healing is unusually fast.


Message History

The four-headed hydra is severely wounded.
Aiming: Iceblast
Press: ? - help, Shift-Dir - straight line, f/p - four-headed hydra
Aim: a four-headed hydra (heavily wounded)
The mass of ice explodes!
The iceblast engulfs the four-headed hydra!
The four-headed hydra is severely wounded.
You hit the four-headed hydra but do no damage.
The four-headed hydra is severely wounded.
The four-headed hydra barely misses you.
The four-headed hydra bites you!
* * * LOW HITPOINT WARNING * * *
The four-headed hydra bites you but does no damage. x2
The four-headed hydra bites you.
* * * LOW HITPOINT WARNING * * *
The four-headed hydra closely misses you.
The four-headed hydra bites you.
* * * LOW HITPOINT WARNING * * *
The four-headed hydra bites you!
You die...

..# #....)##
..###...).#
..........#
..###.....# ..#
#.....# ..# #.....#
..# ################
..#####.....##.○.§.##
#...##..........@...##
.##....[........D....#
..##..........<......#
..###................#
..# #................#
..# #...............<#
..# #................#
..# ##..............##
..# ##.....##.....##


You could see a four-headed hydra.

Vanquished Creatures
  Harold (D:10)
  A hydra (D:10)
  3 two-headed ogres
  A deep elf mage (D:10)
  2 centaur zombies (D:10)
  Psyche (D:10)
  Joseph (D:7)
  A rime drake (D:9)
  A cane toad (D:9)
  4 trolls
  Prince Ribbit (D:6)
  A wyvern (D:8)
  9 yaks
  Eustachio (D:6)
  Edmund (D:4)
  Menkaure (D:7)
  2 water moccasins
  A black bear (D:8)
  An orc warrior (D:7)
  3 ice beasts
  2 ogres
  A sky beast (D:9)
  A phantom (D:10)
  3 centaurs
  Blork the orc (D:5)
  4 bullfrogs
  A water moccasin skeleton (D:7)
  4 scorpions
  3 killer bees (D:9)
  13 wights
  An electric eel (D:9)
  A howler monkey (D:6)
  A quasit (D:7)
  A bullfrog zombie (D:5)
  2 orc priests
  2 jellies
  3 orc wizards
  Crazy Yiuf (D:6)
  A gnoll shaman (D:8)
  A bullfrog skeleton (D:9)
  4 hounds
  8 worker ants
  2 iguanas
  3 hound skeletons
  A worker ant zombie (D:5)
  6 gnolls
  11 adders
  A shadow imp (D:7)
  5 white imps
  2 ufetubi
  3 oozes
  2 adder zombies
  An adder skeleton (D:9)
  A worm (D:2)
  5 dart slugs
  4 leopard geckos
  27 orcs
  A ball python (D:1)
  5 giant cockroaches
  5 hobgoblins
  8 jackals
  4 kobolds
  6 quokkas
  8 bats
  5 frilled lizards
  6 goblins
  A leopard gecko skeleton (D:8)
  A leopard gecko zombie (D:8)
  A quokka skeleton (D:9)
  9 rats
230 creatures vanquished.

Notes
Turn   | Place    | Note
-------+----------+-------------------------------------------
     0 | D:1      | jlumianski the Gnoll Warper began the quest for the Orb.
     0 | D:1      | Reached XP level 1. HP: 20/20 MP: 6/6
   182 | D:1      | Reached XP level 2. HP: 26/26 MP: 7/7
   418 | D:1      | Reached XP level 3. HP: 20/31 MP: 9/9
   421 | D:1      | Learned a level 2 spell: Blink
   425 | D:1      | Learned a level 3 spell: Gell's Gravitas
   620 | D:1      | Reached skill level 5 in Spellcasting
  1149 | D:2      | Reached skill level 1 in Invocations
  1327 | D:2      | Reached skill level 1 in Short Blades
  1327 | D:2      | Reached skill level 1 in Long Blades
  1327 | D:2      | Reached skill level 1 in Maces & Flails
  1327 | D:2      | Reached skill level 1 in Polearms
  1327 | D:2      | Reached skill level 1 in Staves
  1327 | D:2      | Reached skill level 1 in Slings
  1327 | D:2      | Reached skill level 1 in Bows
  1327 | D:2      | Reached skill level 1 in Crossbows
  1327 | D:2      | Reached skill level 1 in Stealth
  1327 | D:2      | Reached skill level 1 in Shields
  1327 | D:2      | Reached skill level 1 in Unarmed Combat
  1327 | D:2      | Reached skill level 1 in Evocations
  1334 | D:2      | Reached XP level 4. HP: 29/38 MP: 8/11
  2135 | D:2      | Reached skill level 1 in Conjurations
  2135 | D:2      | Reached skill level 1 in Hexes
  2135 | D:2      | Reached skill level 1 in Summonings
  2135 | D:2      | Reached skill level 1 in Necromancy
  2135 | D:2      | Reached skill level 1 in Transmutations
  2135 | D:2      | Reached skill level 1 in Fire Magic
  2135 | D:2      | Reached skill level 1 in Ice Magic
  2135 | D:2      | Reached skill level 1 in Air Magic
  2135 | D:2      | Reached skill level 1 in Earth Magic
  2135 | D:2      | Reached skill level 1 in Poison Magic
  2250 | D:3      | Found a shadowy altar of Dithmenos.
  2636 | D:3      | Reached XP level 5. HP: 36/43 MP: 7/12
  3475 | D:4      | Noticed an ogre
  3491 | D:4      | Killed an ogre
  3492 | D:4      | Reached XP level 6. HP: 41/50 MP: 13/13
  3621 | D:4      | Found a white marble altar of Elyvilon.
  4409 | D:4      | Reached skill level 5 in Fighting
  4409 | D:4      | Reached skill level 5 in Axes
  4409 | D:4      | Reached skill level 5 in Dodging
  4557 | D:4      | Noticed Edmund
  4606 | D:4      | Killed Edmund
  4899 | D:4      | Reached XP level 7. HP: 44/56 MP: 5/15
  5354 | D:5      | Entered Level 5 of the Dungeon
  5593 | D:5      | Noticed Sigmund
  6269 | D:5      | Noticed Blork the orc
  6371 | D:5      | Killed Blork the orc
  6597 | D:5      | Found a sacrificial altar of Ru.
  6615 | D:5      | Reached XP level 8. HP: 46/63 MP: 16/16
  6635 | D:5      | Found a bloodstained altar of Trog.
  6636 | D:5      | Found a sparkling altar of Nemelex Xobeh.
  6638 | D:5      | Found a shadowy altar of Dithmenos.
  6641 | D:5      | Found a broken altar of Ashenzari.
  6844 | D:6      | Noticed Prince Ribbit
  6858 | D:6      | Killed Prince Ribbit
  7012 | D:6      | Noticed Eustachio
  7034 | D:6      | Killed Eustachio
  7052 | D:6      | Found an ancient bone altar of Kikubaaqudgha.
  7619 | D:6      | Reached XP level 9. HP: 62/69 MP: 18/18
  7790 | D:6      | Found a runed translucent door.
  7791 | D:6      | Noticed Crazy Yiuf
  7801 | D:6      | Killed Crazy Yiuf
  8039 | D:6      | Gained mutation: Your natural rate of healing is unusually
                  | fast. [potion of mutation]
  8039 | D:6      | Gained mutation: Your mind is acute. (Int +2) [potion of
                  | mutation]
  8228 | D:7      | Noticed Joseph
  8243 | D:7      | Killed Joseph
  8297 | D:7      | Noticed Menkaure
  8434 | D:7      | Reached skill level 5 in Throwing
  8434 | D:7      | Reached skill level 5 in Armour
  8645 | D:7      | Killed Menkaure
  8740 | D:7      | Found a runed translucent gate.
  8740 | D:7      | Found a runed translucent gate.
  8740 | D:7      | Found a runed translucent gate.
  8979 | D:7      | Found a sparkling altar of Nemelex Xobeh.
  9020 | D:7      | Found a staircase to the Ecumenical Temple.
  9043 | D:7      | Reached skill level 5 in Invocations
  9099 | Temple   | Entered the Ecumenical Temple
  9114 | Temple   | Became a worshipper of Qazlal Stormbringer
  9484 | D:7      | Noticed Ekaitz's ghost (novice DsEE)
  9616 | D:8      | Noticed a two-headed ogre
  9635 | D:8      | Killed a two-headed ogre
  9636 | D:8      | Reached XP level 10. HP: 42/77 MP: 20/20
  9683 | D:8      | Reached skill level 5 in Short Blades
  9683 | D:8      | Reached skill level 5 in Long Blades
  9683 | D:8      | Reached skill level 5 in Maces & Flails
  9683 | D:8      | Reached skill level 5 in Polearms
  9683 | D:8      | Reached skill level 5 in Staves
  9683 | D:8      | Reached skill level 5 in Slings
  9683 | D:8      | Reached skill level 5 in Bows
  9683 | D:8      | Reached skill level 5 in Crossbows
  9683 | D:8      | Reached skill level 5 in Stealth
  9683 | D:8      | Reached skill level 5 in Shields
  9683 | D:8      | Reached skill level 5 in Unarmed Combat
  9683 | D:8      | Reached skill level 5 in Evocations
  9737 | D:8      | Found an iron altar of Okawaru.
 10269 | D:9      | Noticed a two-headed ogre
 10288 | D:8      | Killed a two-headed ogre
 10409 | D:9      | Reached * piety under Qazlal
 10469 | D:9      | Found a staircase to the Lair.
 11009 | D:9      | Noticed a six-headed hydra
 11122 | D:9      | Noticed an iron troll
 11122 | D:9      | Noticed an iron troll
 11247 | Lair:1   | Entered Level 1 of the Lair of Beasts
 11247 | Lair:1   | Noticed a cane toad
 11289 | D:9      | Killed a cane toad
 11290 | D:9      | Reached XP level 11. HP: 19/84 MP: 18/22
 11510 | D:8      | Reached skill level 5 in Conjurations
 11510 | D:8      | Reached skill level 5 in Hexes
 11510 | D:8      | Reached skill level 5 in Summonings
 11510 | D:8      | Reached skill level 5 in Necromancy
 11510 | D:8      | Reached skill level 5 in Transmutations
 11510 | D:8      | Reached skill level 5 in Fire Magic
 11510 | D:8      | Reached skill level 5 in Ice Magic
 11510 | D:8      | Reached skill level 5 in Air Magic
 11510 | D:8      | Reached skill level 5 in Earth Magic
 11510 | D:8      | Reached skill level 5 in Poison Magic
 11846 | D:9      | Noticed a six-headed hydra
 12102 | D:10     | Entered Level 10 of the Dungeon
 12220 | D:10     | Noticed a two-headed ogre
 12238 | D:10     | Reached ** piety under Qazlal
 12251 | D:10     | Killed a two-headed ogre
 12341 | D:10     | Noticed Psyche
 12351 | D:10     | Killed Psyche
 12463 | D:10     | Noticed a deep elf mage
 12477 | D:10     | Killed a deep elf mage
 12758 | D:10     | Noticed Harold
 12782 | D:10     | Killed Harold
 12970 | D:10     | Killed a four-headed hydra
 13016 | D:10     | Slain by a four-headed hydra

Illustrated notes

Levels and vault maps discovered:
D:1:      tarquinn_simple_flora_water_e, layout_loops_corners
D:2:      layout_basic
D:3:      layout_loops_corners, nicolae_dithmenos_shadow_blocks
D:4:      layout_basic, nicolae_overflow_hidden_temple,
          hangedman_decor_clover_reticule, uniq_edmund
D:5:      layout_basic, minitemple, minmay_between, uniq_sigmund,
          uniq_blork_the_orc
D:6:      layout_loops_ring, kiku_gazebo_pond_becter, st_stairs_7,
          uniq_prince_ribbit1, uniq_eustachio, uniq_crazy_yiuf_cottage
D:7:      layout_loops_ring, minmay_temple_entry_wispy, gammafunk_ghost_icy,
          nemelex_spade_bored_becter, uniq_menkaure, uniq_joseph
D:8:      layout_basic, kennysheep_mini
D:9:      lemuel_troll_bridge, layout_layer_cave, lair_entry_dummy,
          corexii_checkpoint_a, minivault_19
D:10:     layout_rooms, kennysheep_dice, uniq_harold, uniq_psyche
Temple:   zaba_magenta_temple
Lair:1:   layout_cave_pods, disabler_island

Skill      XL: |  1  2  3  4  5  6  7  8  9 10 11 |
---------------+----------------------------------+-----
Spellcasting   | 5 6 7 8 |  8.4
Invocations    | 1 2 3 4 5 6 7 |  7.3
Short Blades   | 1 2 3 4 5 6 |  6.7
Long Blades    | 1 2 3 4 5 6 |  6.7
Maces & Flails | 1 2 3 4 5 6 |  6.7
Polearms       | 1 2 3 4 5 6 |  6.7
Staves         | 1 2 3 4 5 6 |  6.7
Slings         | 1 2 3 4 5 6 |  6.7
Bows           | 1 2 3 4 5 6 |  6.7
Crossbows      | 1 2 3 4 5 6 |  6.7
Stealth        | 1 2 3 4 5 6 |  6.7
Shields        | 1 2 3 4 5 6 |  6.7
Unarmed Combat | 1 2 3 4 5 6 |  6.7
Evocations     | 1 2 3 4 5 6 |  6.7
Conjurations   | 1 2 3 4 5 |  5.5
Hexes          | 1 2 3 4 5 |  5.5
Summonings     | 1 2 3 4 5 |  5.5
Necromancy     | 1 2 3 4 5 |  5.5
Transmutations | 1 2 3 4 5 |  5.5
Fire Magic     | 1 2 3 4 5 |  5.5
Ice Magic      | 1 2 3 4 5 |  5.5
Air Magic      | 1 2 3 4 5 |  5.5
Earth Magic    | 1 2 3 4 5 |  5.5
Poison Magic   | 1 2 3 4 5 |  5.5
Throwing       | 3 4 5 6 7 |  7.2
Armour         | 3 4 5 6 7 |  7.2
Fighting       | 5 6 7 8 |  8.2
Axes           | 5 6 7 8 |  8.2
Dodging        | 5 6 7 8 |  8.2
Translocations | 6 7 |  7.9

Action                   |  1- 3 |  4- 6 |  7- 9 | 10-12 || total
-------------------------+-------+-------+-------+-------++-------
Melee: Dagger            |    99 |   138 |       |       ||   237
       Bite              |    13 |    17 |    25 |    37 ||    92
       Hand axe          |     1 |    47 |       |       ||    48
       Punch             |       |     1 |     9 |     1 ||    11
       Flail             |       |     4 |       |       ||     4
       Whip              |       |       |    62 |     1 ||    63
       War axe           |       |       |   212 |   298 ||   510
       Battleaxe         |       |       |       |     8 ||     8
Throw: Stone             |     4 |     5 |       |       ||     9
       Boomerang         |       |    50 |    36 |    20 ||   106
       Dart              |       |       |    13 |    26 ||    39
 Cast: Gell's Gravitas   |     2 |     8 |    17 |    15 ||    42
       Blink             |       |    15 |     4 |     6 ||    25
Invok: Upheaval          |       |       |       |     1 ||     1
Evoke: Wand              |       |       |       |     4 ||     4
  Use: Scroll            |     1 |     2 |     2 |     7 ||    12
       Potion            |       |     1 |    10 |     1 ||    12
 Stab: Sleeping          |       |     2 |     4 |     1 ||     7
Armor: Leather armour    |    14 |    24 |    25 |    72 ||   135
       Ring mail         |       |       |    32 |       ||    32
       Skin              |       |       |     8 |       ||     8
Dodge: Dodged            |    75 |   156 |   243 |   272 ||   746
Block: Buckler           |       |       |       |   154 ||   154
       Other             |       |       |       |     3 ||     3
